 Dungeon Crawl Stone Soup version 0.24-a0-201-gf205589 (webtiles) character file.

Game seed: 13069756951769979669

15 Ivan the Skirmisher (level 2, 0/27 HPs)
             Began as a Minotaur Abyssal Knight on Mar 24, 2019.
             Was a Follower of Lugonu.
             Slain by a leopard gecko (1 damage)
             ... on level 1 of the Dungeon.
             The game lasted 00:00:32 (131 turns).

Ivan the Skirmisher (Minotaur Abyssal Knight)        Turns: 131, Time: 00:00:32

Health: 0/27       AC:  3    Str: 16    XL:     2   Next: 34%
Magic:  2/2        EV: 11    Int:  9    God:    Lugonu [*.....]
Gold:   5          SH:  0    Dex:  9    Spells: 1/1 levels left

rFire    . . .     SeeInvis .   a - +1 mace
rCold    . . .     Gourm    .   (no shield)
rNeg     . . .     Faith    .   b - +0 leather armour
rPois    .         Spirit   .   (helmet restricted)
rElec    .         Reflect  .   (no cloak)
rCorr    .         Harm     .   (no gloves)
MR       .....                  (no boots)
Stlth    +.........             (no amulet)
HPRegen  0.09/turn              (no ring)
MPRegen  0.08/turn              (no ring)

@: no status effects
A: retaliatory headbutt, horns 2
a: Depart the Abyss, Renounce Religion


You were on level 1 of the Dungeon.
You worshipped Lugonu.
Lugonu was aware of your devotion.
You were not hungry.

You visited 1 branch of the dungeon, and saw 1 of its levels.
You visited the Abyss 1 time.

You collected 5 gold pieces.

Inventory:

Hand Weapons
 a - a +1 mace (weapon)
Armour
 b - a +0 leather armour (worn)
Potions
 d - a potion of agility {unknown}
Comestibles
 c - 2 rations


   Skills:
 + Level 4.2 Fighting
 + Level 2.5 Maces & Flails
 + Level 2.5 Armour
 + Level 1.1 Dodging
 + Level 2.1 Invocations


You had one spell level left.
You didn't know any spells.
Your spell library was empty.

Dungeon Overview and Level Annotations

Branches:
Dungeon (1/15)

Altars:


Innate Abilities, Weirdness & Mutations

You reflexively headbutt those who attack you in melee.
You have a pair of horns on your head.


Message History

Lugonu accepts your kill. The leopard gecko closely misses you.
The kobold hits you. The leopard gecko barely misses you.
You furiously retaliate!
You headbutt the leopard gecko. The kobold closely misses you.
The leopard gecko barely misses you. The kobold misses you.
The leopard gecko bites you.
* * * LOW HITPOINT WARNING * * *
The kobold hits you.
* * * LOW HITPOINT WARNING * * *
The leopard gecko bites you.
* * * LOW HITPOINT WARNING * * *
Found 12 arrows.
You closely miss the leopard gecko. Your headbutt misses the leopard gecko.
The leopard gecko is severely wounded.
The leopard gecko misses you. The kobold hits you.
* * * LOW HITPOINT WARNING * * *
You closely miss the leopard gecko.
The leopard gecko is severely wounded.
The leopard gecko bites you.
You die...

#.#.# #.#.# .# #.#.# .#
..#.# ..# ###.# ...
###.###############.#
.......##...........####
†......##.....).........
.............(.l@.......
.......##..(...K........
.......##(..............
.......##.......?..#....
.......######.###### ..(
.......# #.# ## ########
#.# #.#


You could see a leopard gecko and a kobold.

Vanquished Creatures
  2 oozes (D:1)
  A leopard gecko (D:1)
  A hobgoblin (D:1)
  A frilled lizard (D:1)
  2 rats (D:1)
7 creatures vanquished.

Notes
Turn   | Place    | Note
-------+----------+-------------------------------------------
     0 | Abyss:1  | Ivan the Minotaur Abyssal Knight began the quest for the
                  | Orb.
     0 | Abyss:1  | Reached XP level 1. HP: 19/19 MP: 1/1
    48 | Abyss:1  | Noticed a starcursed mass
    49 | D:1      | Escaped the Abyss
   115 | D:1      | Reached * piety under Lugonu
   115 | D:1      | Reached skill level 4 in Fighting
   115 | D:1      | Reached XP level 2. HP: 22/27 MP: 2/2
   130 | D:1      | HP: 1/27 [kobold (2)]
   131 | D:1      | Slain by a leopard gecko

Levels and vault maps discovered:
D:1:      dpeg_arrival_erosion, layout_basic
Abyss:1

Skill      XL: |  1 |
---------------+----+-----
Invocations    | 2 |  2.1
Fighting       | 4 |  4.2
Maces & Flails | |  2.5
Armour         | |  2.5
Dodging        | |  1.1

Action                   || total
-------------------------++-------
Melee: Mace              ||    19
       Headbutt          ||     3
Invok: Depart the Abyss  ||     1
Armor: Leather armour    ||     5
Dodge: Dodged            ||    24

Table legend:
 A = Non-vault XP
 B = Vault XP
 C = Vault XP percentage of total XP
 D = Non-vault monster count
 E = Vault monster count
 F = Vault count percentage of total count
                 A         B        C        D         E       F
            +---------+---------+-------+---------+---------+-------
      Total |      22 |       0 |   0.0 |       7 |       0 |   0.0
            +---------+---------+-------+---------+---------+-------
        D:1 |      22 |       0 |   0.0 |       7 |       0 |   0.0
            +---------+---------+-------+---------+---------+-------
